General information
- name: BNet
- type: Ladder team game (AT/RT)
- host: Battle.net
- saver: ReignIForever
map: TwilightRuins
- players: 8
- length: 23:56
- speed: Fast
- version: 1.26 W3XP
- replay type: Public
» download(171 KB)
Players
team 1 (loser)
squampachee (
teal | 63 APM | 1101 actions | 17:32)
5 Demon Hunter
3 Mana Burn
2 Evasion
» actions
| Assign group hotkey | 24 | |
| Basic commands | 18 | |
| Build / train | 65 | |
| Enter build submenu | 18 | |
| Enter hero's abilities submenu | 5 | |
| Give item / drop item | 3 | |
| Remove unit from queue | 3 | |
| Right click | 386 | |
| Select / deselect | 312 | |
| Select group hotkey | 203 | |
| Use ability | 64 | |
1101 total
» units
| Wisp | 19 | |
| Archer | 7 | |
| Huntress | 5 | |
| Druid of the Talon | 5 | |
| Faerie Dragon | 3 | |
39 total
» upgrades
| Improved Bows | 1 | |
| Druid of the Talon Training | 2 | |
| Strength of the Wild | 1 | |
| Reinforced Hides | 1 | |
| Upgrade Moon Glaive | 1 | |
6 total
» buildings
| Altar of Elders | 1 | |
| Moon Well | 5 | |
| Ancient of War | 2 | |
| Tree of Ages | 1 | |
| Tree of Life | 2 | |
| Hunter's Hall | 2 | |
| Ancient of Wind | 2 | |
| Tree of Eternity | 1 | |
| Ancient of Wonders | 1 | |
17 total
» build order
00:10 Altar of Elders
00:20 Moon Well
00:33 Ancient of War
01:32 Moon Well
01:59 Ancient of War
03:14 Moon Well
03:56 Tree of Ages
05:10 Tree of Life
06:23 Hunter's Hall
06:25 Hunter's Hall
07:06 Ancient of Wind
07:12 Ancient of Wind
07:16 Moon Well
09:24 Tree of Eternity
10:27 Moon Well
12:09 Ancient of Wonders
12:58 Tree of Life
» items
| Boots of Speed | 1 | |
| Scroll of Healing | 2 | |
| Dust of Appearance | 2 | |
| Scroll of Town Portal | 2 | |
| Potion of Healing | 1 | |
| Orb of Corruption | 1 | |
9 total

»
balphawolf (
blue | 44 APM | 734 actions | 16:51)
4 Paladin
2 Holy Light
1 Divine Shield
1 Devotion Aura
2 Archmage
1 Summon Water Elemental
1 Brilliance Aura
» actions
| Assign group hotkey | 12 | |
| Basic commands | 10 | |
| Build / train | 52 | |
| Enter build submenu | 29 | |
| Enter hero's abilities submenu | 6 | |
| Give item / drop item | 1 | |
| Remove unit from queue | 1 | |
| Right click | 205 | |
| Select / deselect | 161 | |
| Select group hotkey | 207 | |
| Use ability | 50 | |
734 total
» units
| Peasant | 8 | |
| Footman | 5 | |
| Goblin Shredder | 1 | |
| Knight | 2 | |
| Spell Breaker | 3 | |
| Priest | 1 | |
20 total
» upgrades
| Defend | 1 | |
| Lumber Harvesting | 1 | |
| Swords | 3 | |
| Masonry | 3 | |
| Magic Sentry | 1 | |
| Priest Training | 2 | |
| Animal War Training | 1 | |
| Plating | 2 | |
| Control Magic | 2 | |
16 total
» buildings
| Altar of Kings | 1 | |
| Farm | 10 | |
| Barracks | 2 | |
| Scout Tower | 5 | |
| Arcane Tower | 1 | |
| Lumber Mill | 1 | |
| Keep | 1 | |
| Blacksmith | 1 | |
| Castle | 1 | |
| Arcane Vault | 1 | |
| Guard Tower | 3 | |
| Gryphon Aviary | 1 | |
| Arcane Sanctum | 1 | |
| Workshop | 1 | |
30 total
» build order
00:08 Altar of Kings
00:21 Farm
00:49 Barracks
01:12 Farm
01:22 Scout Tower
01:51 Arcane Tower
02:00 Farm
02:32 Lumber Mill
03:25 Keep
03:48 Scout Tower
04:44 Blacksmith
05:24 Scout Tower
05:52 Castle
05:55 Arcane Vault
05:58 Guard Tower
06:09 Scout Tower
06:12 Farm
06:23 Gryphon Aviary
06:39 Arcane Sanctum
06:43 Scout Tower
06:47 Guard Tower
07:00 Farm
09:33 Guard Tower
11:03 Barracks
11:42 Farm
12:09 Farm
12:44 Farm
14:20 Farm
15:10 Farm
15:32 Workshop
» items
Ya.Boi.GG.Money (
green | 70 APM | 1130 actions | 16:13)
3 Archmage
2 Summon Water Elemental
1 Brilliance Aura
1 Blood Mage
1 Flame Strike
1 Firelord
1 Summon Lava Spawn
» actions
| Assign group hotkey | 25 | |
| Build / train | 114 | |
| Enter build submenu | 37 | |
| Enter hero's abilities submenu | 5 | |
| Remove unit from queue | 1 | |
| Right click | 521 | |
| Select / deselect | 257 | |
| Select group hotkey | 75 | |
| Use ability | 94 | |
1130 total
» units
| Peasant | 37 | |
| Footman | 11 | |
| Priest | 4 | |
| Sorceress | 4 | |
| Rifleman | 2 | |
58 total
» upgrades
| Defend | 1 | |
| Lumber Harvesting | 1 | |
| Long Rifles | 1 | |
| Priest Training | 2 | |
| Sorceress Training | 2 | |
| Gunpowder | 1 | |
8 total
» buildings
| Altar of Kings | 2 | |
| Farm | 17 | |
| Barracks | 4 | |
| Scout Tower | 22 | |
| Lumber Mill | 2 | |
| Arcane Tower | 2 | |
| Town Hall | 1 | |
| Keep | 1 | |
| Guard Tower | 30 | |
| Castle | 2 | |
| Arcane Sanctum | 2 | |
| Blacksmith | 1 | |
| Arcane Vault | 1 | |
87 total
» build order
00:54 Altar of Kings
00:56 Farm
01:00 Altar of Kings
01:10 Barracks
01:19 Farm
01:19 Farm
02:02 Farm
02:03 Farm
02:38 Scout Tower
02:41 Scout Tower
02:44 Scout Tower
02:45 Scout Tower
02:58 Lumber Mill
03:42 Arcane Tower
04:20 Town Hall
05:27 Keep
05:40 Scout Tower
05:41 Scout Tower
05:42 Scout Tower
05:42 Scout Tower
06:27 Guard Tower
06:28 Guard Tower
06:28 Guard Tower
06:28 Guard Tower
06:43 Guard Tower
06:43 Guard Tower
06:44 Guard Tower
06:48 Scout Tower
06:49 Scout Tower
06:50 Farm
06:52 Farm
06:53 Farm
06:54 Farm
06:56 Scout Tower
06:57 Scout Tower
06:58 Farm
06:59 Farm
07:00 Farm
07:00 Farm
07:03 Farm
08:05 Guard Tower
08:05 Guard Tower
08:06 Arcane Tower
08:19 Castle
10:06 Scout Tower
10:08 Scout Tower
10:09 Scout Tower
10:10 Scout Tower
10:58 Guard Tower
10:59 Guard Tower
10:59 Guard Tower
10:59 Guard Tower
11:00 Guard Tower
11:00 Guard Tower
11:02 Scout Tower
11:29 Guard Tower
11:29 Guard Tower
11:32 Lumber Mill
12:05 Scout Tower
12:06 Scout Tower
12:08 Scout Tower
12:11 Scout Tower
12:13 Scout Tower
12:30 Guard Tower
12:30 Guard Tower
12:33 Arcane Sanctum
12:34 Arcane Sanctum
12:44 Barracks
12:46 Blacksmith
12:49 Barracks
12:52 Barracks
13:31 Guard Tower
13:31 Guard Tower
13:31 Guard Tower
13:47 Farm
13:48 Farm
13:48 Farm
14:51 Guard Tower
15:27 Arcane Vault
» items
fluidaswater (
purple | 47 APM | 1123 actions | 23:54)
4 Crypt Lord
2 Impale
2 Spiked Carapace
2 Lich
1 Frost Nova
1 Frost Armor
1 Demon Hunter
1 Metamorphosis
» actions
| Assign group hotkey | 82 | |
| Basic commands | 29 | |
| Build / train | 75 | |
| Enter build submenu | 14 | |
| Enter hero's abilities submenu | 7 | |
| Give item / drop item | 5 | |
| Remove unit from queue | 17 | |
| Right click | 456 | |
| Select / deselect | 241 | |
| Select group hotkey | 121 | |
| Use ability | 76 | |
1123 total
» units
| Acolyte | 5 | |
| Ghoul | 4 | |
| Crypt Fiend | 8 | |
| Frost Wyrm | -2 | |
| Spell Breaker | 2 | |
| Goblin Sapper | 15 | |
32 total
» upgrades
| Creature Attack | 3 | |
| Creature Carapace | 2 | |
| Web | 1 | |
| Burrow | 1 | |
7 total
» buildings
| Altar of Darkness | 1 | |
| Ziggurat | 5 | |
| Graveyard | 1 | |
| Crypt | 1 | |
| Tomb of Relics | 1 | |
| Nerubian Tower | 1 | |
| Halls of the Dead | 1 | |
| Black Citadel | 1 | |
| Spirit Tower | 2 | |
| Sacrificial Pit | 1 | |
| Boneyard | 1 | |
16 total
» build order
00:39 Altar of Darkness
00:42 Ziggurat
00:48 Graveyard
00:59 Crypt
01:29 Tomb of Relics
01:35 Ziggurat
01:44 Nerubian Tower
04:45 Halls of the Dead
04:54 Ziggurat
05:35 Ziggurat
06:46 Ziggurat
08:44 Black Citadel
10:02 Spirit Tower
10:03 Spirit Tower
10:55 Sacrificial Pit
12:20 Boneyard
» items
| Rod of Necromancy | 1 | |
| Scroll of Town Portal | 2 | |
| Potion of Healing | 4 | |
| Lesser Clarity Potion | 1 | |
8 total
team 2 (winner)

»
superkarasu (
pink | 89 APM | 2131 actions | 23:55)
7 Far Seer
3 Feral Spirit
3 Chain Lighting
1 Earth Quake
» actions
| Assign group hotkey | 38 | |
| Basic commands | 548 | |
| Build / train | 62 | |
| Enter build submenu | 14 | |
| Enter hero's abilities submenu | 7 | |
| Give item / drop item | 1 | |
| Right click | 430 | |
| Select / deselect | 269 | |
| Select group hotkey | 707 | |
| Use ability | 55 | |
2131 total
» units
| Peon | 7 | |
| Grunt | 4 | |
| Tauren | 10 | |
| Shaman | 8 | |
29 total
» upgrades
| Melee Weapons | 3 | |
| Shaman Training | 2 | |
| Armor | 3 | |
| Pulverize | 1 | |
| Pillage | 1 | |
| Spirit Walker Training | 1 | |
| Reinforced Defenses | 1 | |
| Spiked Barricades | 1 | |
13 total
» buildings
| Altar of Storms | 1 | |
| Orc Burrow | 6 | |
| Barracks | 1 | |
| Voodoo Lounge | 1 | |
| Stronghold | 1 | |
| War Mill | 1 | |
| Fortress | 1 | |
| Spirit Lodge | 1 | |
| Tauren Totem | 2 | |
15 total
» build order
00:06 Altar of Storms
00:11 Orc Burrow
01:00 Barracks
01:34 Orc Burrow
01:53 Voodoo Lounge
03:26 Stronghold
03:59 Orc Burrow
04:44 War Mill
06:05 Fortress
06:14 Spirit Lodge
06:53 Orc Burrow
08:45 Tauren Totem
09:00 Tauren Totem
11:20 Orc Burrow
12:14 Orc Burrow
» items
| Healing Salve | 3 | |
| Scroll of Speed | 1 | |
| Orb of Lightning | 1 | |
| Scroll of Town Portal | 2 | |
| Lesser Clarity Potion | 2 | |
| Potion of Healing | 1 | |
10 total

»
Arctican (
orange | 51 APM | 1221 actions | 23:55)
11 Far Seer
3 Feral Spirit
3 Chain Lighting
3 Earth Quake
2 Far Sight
» actions
| Assign group hotkey | 25 | |
| Basic commands | 60 | |
| Build / train | 76 | |
| Enter build submenu | 24 | |
| Enter hero's abilities submenu | 10 | |
| Give item / drop item | 3 | |
| Remove unit from queue | 2 | |
| Right click | 460 | |
| Select / deselect | 227 | |
| Select group hotkey | 184 | |
| Use ability | 149 | |
1221 total
» units
| Peon | 12 | |
| Grunt | 3 | |
| Goblin Shredder | 1 | |
| Troll Batrider | 11 | |
27 total
» upgrades
| Ranged Weapons | 3 | |
| Liquid Fire | 1 | |
| Reinforced Defenses | 1 | |
| Envenomed Spears | 1 | |
| Armor | 3 | |
| Spiked Barricades | 3 | |
12 total
» buildings
| Altar of Storms | 2 | |
| Orc Burrow | 6 | |
| Barracks | 1 | |
| Voodoo Lounge | 1 | |
| Stronghold | 1 | |
| War Mill | 1 | |
| Great Hall | 1 | |
| Watch Tower | 8 | |
| Beastiary | 4 | |
| Fortress | 1 | |
26 total
» build order
00:08 Altar of Storms
00:11 Altar of Storms
00:15 Orc Burrow
00:46 Barracks
01:37 Orc Burrow
02:00 Voodoo Lounge
03:45 Stronghold
04:02 Orc Burrow
04:06 War Mill
05:21 Great Hall
05:37 Watch Tower
05:42 Watch Tower
05:43 Watch Tower
05:44 Watch Tower
05:44 Watch Tower
07:09 Beastiary
08:17 Fortress
08:19 Beastiary
08:21 Beastiary
08:25 Beastiary
09:35 Watch Tower
09:35 Watch Tower
09:36 Watch Tower
12:57 Orc Burrow
13:10 Orc Burrow
13:14 Orc Burrow
» items
| Healing Salve | 2 | |
| Scroll of Speed | 1 | |
| Lesser Clarity Potion | 6 | |
| Boots of Speed | 1 | |
| Potion of Healing | 2 | |
| Potion of Mana | 3 | |
| Periapt of Vitality | 1 | |
| Scroll of Town Portal | 1 | |
17 total
ReignIForever (
red | 91 APM | 2172 actions | 23:55)
8 Blood Mage
3 Flame Strike
3 Siphon Mana
1 Summon Phoenix
1 Banish
» actions
| Assign group hotkey | 42 | |
| Basic commands | 88 | |
| Build / train | 196 | |
| ESC pressed | 25 | |
| Enter build submenu | 62 | |
| Enter hero's abilities submenu | 8 | |
| Give item / drop item | 7 | |
| Remove unit from queue | 5 | |
| Right click | 647 | |
| Select / deselect | 320 | |
| Select group hotkey | 580 | |
| Use ability | 192 | |
2172 total
» units
| Peasant | 37 | |
| Footman | 12 | |
| Goblin Shredder | 4 | |
| Sorceress | 1 | |
| Gryphon Rider | 5 | |
| Dragonhawk Rider | 1 | |
| Knight | 1 | |
| Priest | 1 | |
62 total
» upgrades
| Swords | 3 | |
| Masonry | 3 | |
| Plating | 3 | |
| Lumber Harvesting | 2 | |
| Armor | 3 | |
| Sorceress Training | 2 | |
| Magic Sentry | 1 | |
| Cloud | 1 | |
| Storm Hammers | 1 | |
| Animal War Training | 1 | |
| Backpack | 1 | |
| Gunpowder | 2 | |
| Priest Training | 2 | |
| Control Magic | 1 | |
| Defend | 1 | |
| Long Rifles | 1 | |
28 total
» buildings
| Altar of Kings | 1 | |
| Barracks | 1 | |
| Farm | 16 | |
| Lumber Mill | 1 | |
| Town Hall | 1 | |
| Scout Tower | 31 | |
| Arcane Vault | 1 | |
| Blacksmith | 1 | |
| Arcane Tower | 5 | |
| Keep | 3 | |
| Guard Tower | 40 | |
| Castle | 2 | |
| Arcane Sanctum | 1 | |
| Gryphon Aviary | 4 | |
108 total
» build order
00:10 Altar of Kings
00:12 Barracks
00:15 Farm
00:49 Farm
01:34 Farm
02:27 Lumber Mill
03:14 Town Hall
03:53 Farm
04:25 Scout Tower
04:34 Arcane Vault
04:42 Blacksmith
04:45 Scout Tower
04:58 Arcane Tower
04:58 Arcane Tower
05:54 Keep
05:55 Keep
05:55 Keep
06:10 Arcane Tower
06:10 Arcane Tower
06:10 Arcane Tower
06:27 Scout Tower
06:29 Scout Tower
06:33 Scout Tower
06:35 Scout Tower
06:49 Farm
07:08 Guard Tower
07:08 Guard Tower
07:18 Scout Tower
07:18 Scout Tower
07:52 Guard Tower
07:52 Guard Tower
07:52 Guard Tower
09:14 Castle
09:14 Castle
09:30 Arcane Sanctum
10:59 Gryphon Aviary
11:03 Gryphon Aviary
11:06 Scout Tower
11:07 Scout Tower
11:08 Scout Tower
11:10 Scout Tower
11:14 Scout Tower
11:16 Scout Tower
12:03 Guard Tower
12:03 Guard Tower
12:18 Guard Tower
12:19 Guard Tower
12:20 Scout Tower
12:21 Scout Tower
12:23 Guard Tower
12:28 Scout Tower
12:30 Scout Tower
12:33 Scout Tower
12:34 Scout Tower
12:35 Scout Tower
12:36 Scout Tower
12:55 Guard Tower
12:55 Guard Tower
13:47 Guard Tower
13:47 Guard Tower
13:47 Guard Tower
14:05 Guard Tower
14:36 Scout Tower
14:37 Scout Tower
14:39 Scout Tower
14:39 Scout Tower
15:12 Guard Tower
15:37 Gryphon Aviary
15:40 Gryphon Aviary
15:58 Farm
16:02 Farm
16:03 Farm
18:17 Farm
18:18 Farm
18:19 Farm
18:21 Farm
18:23 Farm
18:29 Farm
18:32 Farm
19:31 Scout Tower
20:08 Guard Tower
20:08 Guard Tower
20:09 Scout Tower
20:10 Scout Tower
20:11 Scout Tower
20:12 Scout Tower
20:13 Farm
20:56 Guard Tower
20:56 Guard Tower
21:27 Guard Tower
21:27 Guard Tower
21:27 Guard Tower
21:47 Guard Tower
21:48 Guard Tower
23:41 Guard Tower
23:41 Guard Tower
» items
| Boots of Speed | 1 | |
| Staff of Teleportation | 1 | |
| Periapt of Vitality | 1 | |
| Scroll of Regeneration | 7 | |
| Potion of Invisibility | 2 | |
| Lesser Clarity Potion | 4 | |
| Scroll of Town Portal | 2 | |
| Circlet of Nobility | 1 | |
| Staff of Sanctuary | 1 | |
| Orb of Lightning | 1 | |
21 total

»
muffalicious (
yellow | 56 APM | 1346 actions | 23:55)
6 Blademaster
3 Critical Strike
1 Wind Walk
1 Mirror Image
1 Bladestorm
» actions
| Assign group hotkey | 8 | |
| Basic commands | 84 | |
| Build / train | 82 | |
| Enter build submenu | 22 | |
| Enter hero's abilities submenu | 6 | |
| Remove unit from queue | 3 | |
| Right click | 478 | |
| Select / deselect | 240 | |
| Select group hotkey | 351 | |
| Use ability | 72 | |
1346 total
» units
| Peon | 14 | |
| Grunt | 16 | |
| Goblin Shredder | 1 | |
| Troll Witch Doctor | 4 | |
| Shaman | 3 | |
| Wind Rider | 6 | |
44 total
» upgrades
| Spiked Barricades | 2 | |
| Berserker Strength | 1 | |
| Melee Weapons | 1 | |
| Armor | 2 | |
| Shaman Training | 2 | |
| Witch Doctor Training | 2 | |
| Reinforced Defenses | 1 | |
| Envenomed Spears | 1 | |
| Liquid Fire | 0 | |
| Ranged Weapons | 1 | |
13 total
» buildings
| Altar of Storms | 1 | |
| Orc Burrow | 6 | |
| War Mill | 1 | |
| Barracks | 1 | |
| Watch Tower | 6 | |
| Voodoo Lounge | 1 | |
| Stronghold | 1 | |
| Fortress | 1 | |
| Spirit Lodge | 4 | |
| Tauren Totem | 2 | |
| Beastiary | 2 | |
| Great Hall | 2 | |
28 total
» build order
00:12 Altar of Storms
00:19 Orc Burrow
00:55 War Mill
01:21 Barracks
01:40 Orc Burrow
02:20 Watch Tower
03:00 Orc Burrow
03:27 Watch Tower
03:45 Voodoo Lounge
04:22 Orc Burrow
06:23 Stronghold
08:46 Fortress
09:28 Spirit Lodge
09:29 Spirit Lodge
09:34 Spirit Lodge
09:36 Spirit Lodge
13:02 Tauren Totem
13:03 Tauren Totem
13:54 Beastiary
13:55 Beastiary
15:08 Orc Burrow
15:41 Watch Tower
15:42 Watch Tower
15:42 Watch Tower
15:43 Watch Tower
18:55 Great Hall
22:47 Great Hall
23:47 Orc Burrow
» items
| Healing Salve | 4 | |
| Scroll of Speed | 1 | |
| Scroll of Town Portal | 1 | |
| Potion of Healing | 5 | |
| Orb of Lightning | 1 | |
| Lesser Clarity Potion | 1 | |
13 total
Chat log
(03:16 / All) balphawolf: stop wasting both our time
(03:25 / All) ReignIForever: 58-63 lol
(03:45 / All) ReignIForever: yeah you should probably just leave with that kind of record
(03:55 / All) fluidaswater: lol, red your such a nerd
(04:02 / All) ReignIForever: nerd implies smart
(04:10 / All) fluidaswater: no it doesn't
(04:19 / All) ReignIForever: check oxford english dictionary bro
(04:26 / All) fluidaswater: wow
(07:43 / All) ReignIForever: it's called a potion of invisibility
(07:44 / All) ReignIForever: fyi
(07:52 / All) Ya.Boi.GG.Money: orly
(08:45 / All) ReignIForever: lol
(09:07 / All) Ya.Boi.GG.Money: tp noob
(09:09 / All) ReignIForever: i did
(09:13 / All) ReignIForever: "noob"
(09:30 / All) Ya.Boi.GG.Money: make nrew accounts more noob
(09:43 / All) ReignIForever: I haven't played in months
(09:45 / All) fluidaswater: his record is very important to him, lol
(09:46 / All) ReignIForever: I don't rememebr my old account
(09:46 / All) Ya.Boi.GG.Money: RIGHT
(09:47 / All) Ya.Boi.GG.Money: lol
(09:49 / All) fluidaswater: he's trying to get a good one
(09:56 / All) Ya.Boi.GG.Money: i know
(10:02 / All) ReignIForever: I'm not even kidding. I mean I've done a few games but I haven't played in a long time
(10:12 / All) Ya.Boi.GG.Money: cool
(10:12 / All) ReignIForever: you can believe what you like though
(10:15 / All) fluidaswater: lol, he's trying so hard to convince you
(10:16 / All) ReignIForever: it's what's in your heart that counts
(14:02 / All) ReignIForever: lol
(15:10 / All) ReignIForever: nice lvl 1 flamestrike
(15:20 / All) Ya.Boi.GG.Money: nice 5 games
(15:29 / All) ReignIForever: Thanks, they were all pretty good games
(15:35 / All) fluidaswater: same old gays strats, now i remember why i dont play 4s
(15:44 / All) Ya.Boi.GG.Money: lol
(15:47 / All) ReignIForever: It isn't a hard strat to counter
(15:49 / All) ReignIForever: You just suck
(15:52 / All) ReignIForever: It's called banshees
(15:54 / All) ReignIForever: Antimagic shell if you're ud
(16:08 / All) Ya.Boi.GG.Money: eh
(16:10 / All) Ya.Boi.GG.Money: im done
(16:10 / All) fluidaswater: sigh, does this nerdy kid ever shut up?
(16:13 / All) Ya.Boi.GG.Money: teal and purple suck
(16:19 / All) ReignIForever: Only shit talking because blue did
(16:22 / All) ReignIForever: You faggots got raped
(16:29 / All) ReignIForever: Like I said, you shouldn't have wasted my time
(16:35 / All) fluidaswater: faggots? rofl, i you still in middle school?
(16:53 / All) ReignIForever: I don't want to be too creative
(16:54 / All) ReignIForever: It takes APM
(17:02 / All) ReignIForever: I'm spending mine winning
(17:02 / All) fluidaswater: whats APM?
(17:06 / All) ReignIForever: How about you?
(17:07 / All) ReignIForever: lol
(17:18 / All) ReignIForever: Did you buy the game today?
(17:36 / All) ReignIForever: Or keep playing and make the win all the more satisfying
(17:50 / All) ReignIForever: I don't particularly care if you stay as you're little more than a cranially challenged half-wit lobotomised shitflinging monke
(17:53 / All) ReignIForever: key
(22:52 / All) fluidaswater: watch pink main
(23:00 / All) fluidaswater: rofl
(23:02 / All) ReignIForever: lol
(23:07 / All) Arctican: lol fail
(23:08 / All) ReignIForever: I watched
(23:09 / All) muffalicious: lmao
(23:11 / All) ReignIForever: Nothing happened
(23:14 / All) fluidaswater: my others got KO'd lol
(23:19 / All) ReignIForever: You may have been to quick saying ROFL
(23:24 / All) fluidaswater: backup never arrived >.<
(23:25 / All) ReignIForever: You could have queued them up better and let each do its work
(23:26 / All) Arctican: u should space them out more
(23:27 / All) fluidaswater: damn trolls
(23:42 / All) fluidaswater: i forgot about them units a sec about
(23:44 / All) fluidaswater: gg
(23:46 / All) ReignIForever: gg